 Dungeon Crawl Stone Soup version 0.27.1-1-g398f81649c (webtiles) character file.

Game seed: 18209938165234374243

254 bpung the Magician (level 6, -2/46 HPs)
             Began as a Djinni Hedge Wizard on Sept 18, 2021.
             Slain by an ogre (23 damage)
             ... on level 4 of the Dungeon.
             The game lasted 00:09:52 (6130 turns).

bpung the Magician (Djinni Hedge Wizard)            Turns: 6130, Time: 00:09:52

Health: -2/46      AC:  3    Str:  9    XL:     6   Next: 38%
Gold:   141        EV: 12    Int: 18    God:
                   SH:  0    Dex: 12

rFire    + + .     SeeInvis .   a - +0 dagger
rCold    x . .     Faith    .   (no shield)
rNeg     . . .     Spirit   .   b - +0 robe
rPois    ∞         Reflect  .   c - +0 hat
rElec    .         Harm     .   j - +0 cloak
rCorr    .         Rampage  .   (no gloves)
Will     .....                  (boots unavailable)
Stlth    ++........             (no amulet)
HPRegen  0.15/turn              (no ring)
MPRegen  0.00/turn              (no ring)

@: flying
A: sickness immunity, fire resistance 2, cold vulnerability 1, float, innate
caster, hp casting, extra vitality 1
a: no special abilities


You were on level 4 of the Dungeon.
You visited 1 branch of the dungeon, and saw 4 of its levels.

You collected 141 gold pieces.

Inventory:

Hand Weapons
 a - a +0 dagger (weapon)
Missiles
 e - a throwing net
 g - 12 poisoned darts
Armour
 b - a +0 robe (worn)
 c - a +0 hat (worn)
 j - a +0 cloak (worn)
Magical Staves
 d - a staff of death
Jewellery
 i - a ring of fire
Scrolls
 f - 2 scrolls of blinking
 h - a scroll of enchant weapon {unknown}
Potions
 k - a potion of degeneration {unknown}


   Skills:
 * Level 3.6 Fighting
 - Level 0.2 Staves
 - Level 2.2 Dodging
 + Level 2.3 Stealth
 * Level 3.9 Spellcasting


You couldn't memorise any spells.
You knew the following spells:

 Your Spells              Type           Power      Damage    Failure   Level
a - Magic Dart            Conj           68%        1d6       3%          1
b - Blink                 Tloc           N/A        N/A       4%          2
c - Call Imp              Summ           17%        N/A       4%          2
d - Slow                  Hex            17%        N/A       4%          2
e - Conjure Flame         Conj/Fire      17%        6-21      9%          3
f - Mephitic Cloud        Conj/Pois/Air  17%        N/A       9%          3
g - Summon Small Mammal   Summ           68%        N/A       3%          1
h - Passwall              Tmut/Erth      14%        N/A       4%          2
Your spell library was empty.

Dungeon Overview and Level Annotations

Branches:
Dungeon (4/15)
 Temple: D:4-7

Altars:


Innate Abilities, Weirdness & Mutations

You are immune to sickness and miasma.
You are immune to poison.
Your flesh is very heat resistant. (rF++)
You are vulnerable to cold. (rC-)
You float through the air rather than walking.
You learn spells naturally, not from books.
Your magical power is your life essence.
You have superior vitality. (+4 HP)


Message History

The jackal closely misses you.
You closely miss the jackal.
The jackal is lightly wounded.
The jackal barely misses you. The jackal bites you.
Casting: Mephitic Cloud (dangerous; 9% risk of failure)
Confirm with . or Enter, or press ? or * to list all spells.
Aiming: Magic Dart (safe; 3% risk of failure)
Press: ? - help, Shift-Dir - straight line, f - jackal
Aim: a jackal (lightly wounded, 100% to hit)
The magic dart hits the jackal.
The jackal is heavily wounded.
The jackal barely misses you.
Casting: Magic Dart (safe; 3% risk of failure)
Confirm with . or Enter, or press ? or * to list all spells.
Aiming: Magic Dart (safe; 3% risk of failure)
Press: ? - help, Shift-Dir - straight line, f/p - jackal
Aim: a jackal (heavily wounded, 100% to hit)
The magic dart hits the jackal.
You kill the jackal!
You start resting.
HP restored.
You see here a jackal corpse.
You see here 20 stones.
An ogre comes into view. It is wielding a +0 giant club.
The ogre hits you with a +0 giant club!!
Ouch! That really hurt!
Casting: Magic Dart (safe; 3% risk of failure)
Confirm with . or Enter, or press ? or * to list all spells.
Aiming: Mephitic Cloud (dangerous; 9% risk of failure)
Press: ? - help, Shift-Dir - straight line, f - ogre
Aim: an ogre, wielding a +0 giant club (chance to affect: 77%)
The ball explodes into a vile cloud!
The stinking cloud engulfs the ogre but does no damage.
The stinking cloud engulfs you but does no damage.
The ogre is engulfed in noxious fumes.
The ogre appears confused.
You hit the ogre.
The ogre is lightly wounded.
The ogre hits you with a +0 giant club!!
Ouch! That really hurt!
You die...

#.....#
#.....##.......
##...##
#####.<.....^..
##.##
#####.....# #.#
#.)..## #.#
#.#.## #.#
########.###
#.#### #.....
..#
#....#####..#
...#
####..@O○○..#
#...#
#######..#
#..## #.......
#.......
########


You could see an ogre (confused).

Vanquished Creatures
  An ogre (D:4)
  An orc priest (D:4)
  2 adders
  A dart slug (D:3)
  8 orcs (D:4)
  9 ball pythons
  4 endoplasms
  A giant cockroach (D:2)
  7 goblins
  4 hobgoblins
  7 jackals
  2 quokkas (D:1)
  6 bats
  3 frilled lizards (D:1)
  5 kobolds
  A quokka skeleton (D:4)
  3 rats
65 creatures vanquished.

Vanquished Creatures (collateral kills)
  A scorpion (D:4)
  An orc (D:3)
  A goblin (D:3)
  A hobgoblin (D:4)
  6 jackals
10 creatures vanquished.

Grand Total: 75 creatures vanquished

Notes
Turn   | Place    | Note
-------+----------+-------------------------------------------
     0 | D:1      | bpung the Djinni Hedge Wizard began the quest for the Orb.
     0 | D:1      | Reached XP level 1. HP: 15/15 MP: 0/0
   431 | D:1      | Reached XP level 2. HP: 15/21 MP: 0/0
  1276 | D:1      | Reached skill level 1 in Fighting
  1426 | D:1      | Found a faded altar of an unknown god.
  1648 | D:2      | Reached XP level 3. HP: 14/27 MP: 0/0
  1648 | D:2      | Learned a level 1 spell: Summon Small Mammal
  3314 | D:3      | Reached XP level 4. HP: 14/33 MP: 0/0
  4800 | D:4      | Reached XP level 5. HP: 13/39 MP: 0/0
  4800 | D:4      | Learned a level 2 spell: Passwall
  5293 | D:4      | Noticed an ogre
  5631 | D:4      | Killed an ogre
  5632 | D:4      | Reached XP level 6. HP: 16/46 MP: 0/0
  6121 | D:4      | Noticed an ogre
  6130 | D:4      | Slain by an ogre

Illustrated notes

Levels and vault maps discovered:
D:1:      wander_arrival_desolate, layout_basic,
          hellmonk_ecumenical_altar_leap_of_faith
D:2:      layout_basic
D:3:      layout_basic, nrook_mini_backslash
D:4:      layout_loops_cross, uniq_crazy_yiuf_cottage

Skill      XL: |  1  2  3  4  5 |
---------------+----------------+-----
Fighting       | 1 2 3 |  3.6
Spellcasting   | 3 |  3.9
Stealth        | 2 |  2.3
Staves         | |  0.2
Dodging        | |  2.2

Action                   |  1- 3 |  4- 6 || total
-------------------------+-------+-------++-------
Melee: Staff             |    26 |       ||    26
       Dagger            |   118 |   129 ||   247
 Cast: Magic Dart        |    39 |    43 ||    82
       Call Imp          |     5 |     4 ||     9
       Slow              |       |     1 ||     1
       Mephitic Cloud    |       |     5 ||     5
  Use: Scroll            |     4 |       ||     4
       Potion            |     2 |     1 ||     3
 Stab: Sleeping          |     1 |     2 ||     3
       Confused          |       |     4 ||     4
Armor: Robe              |    32 |    23 ||    55
Dodge: Dodged            |   109 |   109 ||   218
